 Dungeon Crawl Stone Soup version 0.18.1-47-g9310371 (webtiles) character file.

754 Gargoyl the Covered (level 7, -4/82 HPs)
             Began as a Demonspawn Abyssal Knight on June 17, 2016.
             Was a Priest of Lugonu.
             Slain by an orc warrior
             ... wielding a +3 trident
              (12 damage)
             ... on level 6 of the Dungeon.
             The game lasted 00:11:17 (5430 turns).

Gargoyl the Covered (Demonspawn Abyssal Knight)     Turns: 5430, Time: 00:11:17

Health: -4/82      AC: 23    Str: 15    XL:     7   Next: 49%
Magic:  9/9        EV:  2    Int: 13    God:    Lugonu [***...]
Gold:   232        SH:  4    Dex: 17    Spells: 0 memorised, 6 levels left

rFire  . . .     SeeInvis .     z - +1 hand axe (drain)
rCold  . . .     Gourm    .     (armour currently unavailable)
rNeg   + + +     Faith    .     (no shield)
rPois  +         Spirit   .     (helmet currently unavailable)
rElec  .         Dismiss  .     (cloak currently unavailable)
rCorr  .         Reflect  +     (gloves currently unavailable)
SustAt .         Harm     .     (boots currently unavailable)
MR     .....     NoTele   +     s - +4 amulet of reflection
Stlth  +++++.....               (no ring)
                                (no ring)

@: agile, exhausted, tree-form, slowed, drained, very slow, not resistant to
hostile enchantments, quite stealthy
A: (horns 0), nightstalker 2, powered by pain 1
a: Depart the Abyss, Bend Space, Banish, Renounce Religion


You were on level 6 of the Dungeon.
You worshipped Lugonu.
Lugonu was most pleased with you.
You were hungry.
You were a tree.
You visited 1 branch of the dungeon, and saw 6 of its levels.
You visited the Abyss 1 time.

You collected 232 gold pieces.

Inventory:

Hand Weapons
 p - a +0 war axe
 z - a +1 hand axe of draining (weapon)
Missiles
 d - 19 tomahawks (quivered)
Armour
 e - the +7 chain mail of Gurye (melded) {rF- rC++ rN+ MR+}
   (You found it on level 4 of the Dungeon)

   It makes you vulnerable to fire.
   It greatly protects you from cold.
   It protects you from negative energy.
   It affects your resistance to hostile enchantments.
 q - a +0 pair of boots (melded)
Jewellery
 s - a +4 amulet of reflection (around neck)
 C - an uncursed ring of magical power {unknown}
Wands
 x - a wand of lightning (15/15)
Scrolls
 f - 2 scrolls of fear {unknown}
 g - a scroll of remove curse
 m - 2 scrolls of recharging
 n - a scroll of amnesia {unknown}
 o - 2 scrolls of teleportation
 t - 3 scrolls of identify
 u - a scroll of blinking {unknown}
 v - 2 scrolls of fog {unknown}
 y - a scroll of enchant weapon {unknown}
Potions
 j - a potion of magic
 r - a potion of degeneration
Books
 A - a book of Ice

   Spells                             Type                      Level
   a - Ice Form                       Ice/Transmutation            4
   b - Metabolic Englaciation         Hexes/Ice                    5
   c - Ozocubu's Refrigeration        Ice                          6
   d - Bolt of Cold                   Conjuration/Ice              6
   e - Freezing Cloud                 Conjuration/Ice/Air          6
   f - Simulacrum                     Ice/Necromancy               6
Comestibles
 b - a meat ration
 c - a bread ration
 h - 2 slices of pizza
 w - 3 fruits
 B - a beef jerky


   Skills:
 + Level 4.8(4.5) Fighting
 + Level 3.6(3.4) Axes
 * Level 5.3(5.1) Armour
 + Level 2.6(2.4) Dodging
 + Level 3.0(2.8) Invocations


You had 6 spell levels left.
You didn't know any spells.

Dungeon Overview and Level Annotations

Branches:
Dungeon (6/15)
 Temple: D:4-7

Altars:
Okawaru

Annotations:
D:3 Wardy2's ghost, amateur DECj
D:5 Ery's ghost, novice MiBe


Innate Abilities, Weirdness & Mutations

((You have a pair of small horns on your head.))
You are significantly more attuned to the shadows.
You sometimes gain a little power by taking damage.


Message History

You cannot move. (Use ctrl+direction to attack without moving.) Unknown command.
Unknown command.
You're too confused!
Drink which item? (? for menu, Esc to quit)
Okay, then.
You're too confused!
You cannot move. (Use ctrl+direction to attack without moving.)
You hit something. You closely miss the centaur zombie.
The centaur zombie hits you but does no damage.
Something is infused with unholy energy, but nothing happens.
The orc warrior hits you but does no damage.
The centaur zombie hits you but does no damage.
Something hits you but does no damage.
Something bites you but does no damage. 2 jackals come into view.
You nearly hit yourself!
You feel less confused.
The centaur zombie hits you but does no damage.
The orc warrior hits you from afar with an enchanted trident!
You die...

#. #. #.......# #.#
#.......# #.#####
#.......# #.....#
#..oo...# #..##.##
#..{S...# #..##..#
##♣#'#######..##...
#.Z........#..##.#.
#.....h....'.....#.
#..........#####.#.
#.##'#h#.........#.
#......#.#########.
######.#.#........^
#####.#.#.########
......).......#.#


You could see an orc warrior, an adder, an orc, a centaur zombie and 2 jackals.

Vanquished Creatures
  A water moccasin (D:5)
  2 black bears
  A centaur (D:6)
  A crimson imp (D:6)
  An orc priest (D:4)
  4 orc wizards
  Ijyb (D:2)
  A worker ant (D:4)
  Robin (D:3)
  3 adders
  A shadow imp (D:5)
  2 worms
  2 dart slugs (D:1)
  5 giant geckos
  18 orcs
  4 giant cockroaches
  12 goblins
  12 hobgoblins
  12 jackals
  A kobold (D:1)
  3 quokkas
  5 bats
  3 giant newts
  2 rats
98 creatures vanquished.

Notes
Turn   | Place    | Note
--------------------------------------------------------------
     0 | Abyss:1  | Gargoyl the Demonspawn Abyssal Knight began the quest for the Orb.
     0 | Abyss:1  | Reached XP level 1. HP: 18/18 MP: 2/2
   174 | Abyss:1  | Found a corrupted altar of Lugonu.
   266 | Abyss:1  | Noticed a thrashing horror
   266 | Abyss:1  | Noticed a smoke demon
   269 | D:1      | Escaped the Abyss
   410 | D:1      | Reached * piety under Lugonu
   410 | D:1      | Gained mutation: You sometimes gain a little power by taking damage. [demonic ancestry]
   410 | D:1      | Reached XP level 2. HP: 23/24 MP: 3/3
   542 | D:1      | Reached skill level 2 in Armour
  1045 | D:2      | Noticed Ijyb
  1065 | D:2      | Killed Ijyb
  1065 | D:2      | Reached skill level 1 in Dodging
  1065 | D:2      | Gained mutation: You have a pair of small horns on your head. [demonic ancestry]
  1065 | D:2      | Reached XP level 3. HP: 27/30 MP: 5/5
  1799 | D:2      | Found an iron altar of Okawaru.
  1917 | D:3      | Reached XP level 4. HP: 26/37 MP: 6/6
  2488 | D:3      | Noticed Robin
  2500 | D:3      | Reached ** piety under Lugonu
  2504 | D:3      | Killed Robin
  2685 | D:4      | Reached skill level 3 in Armour
  2685 | D:4      | Reached XP level 5. HP: 35/42 MP: 7/7
  3246 | D:3      | Noticed Wardy2's ghost (amateur DECj)
  3270 | D:2      | HP: 2/43 [poisoned by Wardy2's ghost]
  3753 | D:3      | Gained mutation: You are slightly more attuned to the shadows. [demonic ancestry]
  3753 | D:3      | Reached XP level 6. HP: 49/49 MP: 8/8
  3853 | D:4      | Got a brightly glowing chain mail
  3861 | D:4      | Identified the +7 chain mail of Gurye {rF- rC++ rN+ MR+} (You found it on level 4 of the Dungeon)
  4268 | D:4      | Reached *** piety under Lugonu
  4420 | D:5      | Entered Level 5 of the Dungeon
  4434 | D:4      | Reached skill level 4 in Armour
  4584 | D:5      | Noticed Ery's ghost (novice MiBe)
  4618 | D:5      | HP: 2/49 [Ery's ghost (1)]
  4980 | D:5      | Noticed a water moccasin
  4990 | D:5      | Killed a water moccasin
  4990 | D:5      | Gained mutation: You are significantly more attuned to the shadows. [demonic ancestry]
  4990 | D:5      | Reached XP level 7. HP: 37/55 MP: 9/9
  5172 | D:6      | Reached skill level 5 in Armour
  5400 | D:6      | Noticed a vampire
  5430 | D:6      | Slain by an orc warrior

Skill      XL: |  1  2  3  4  5  6  7 |
---------------+----------------------+-----
Armour         | 2 3 4 5 |  5.3
Axes           | 2 3 |  3.6
Dodging        | 1 2 |  2.6
Fighting       | 4 |  4.8
Invocations    | 3 |  3.0

Action                   |  1- 3 |  4- 6 |  7- 9 || total
-------------------------+-------+-------+-------++-------
Melee: Hand axe          |    71 |   137 |    45 ||   253
       War axe           |    42 |   104 |       ||   146
       Headbutt          |     7 |    31 |    11 ||    49
Invok: Depart the Abyss  |     1 |       |       ||     1
       Bend Space        |       |     1 |       ||     1
  Use: Potion            |       |     6 |     3 ||     9
       Scroll            |       |     8 |       ||     8
  Eat: Chunk             |     3 |     6 |     2 ||    11
       Bread ration      |       |     1 |       ||     1
Armor: Leather armour    |    14 |       |       ||    14
       Ring mail         |    24 |       |       ||    24
       Scale mail        |       |    64 |       ||    64
       Chain mail        |       |    78 |    45 ||   123
       Skin              |       |       |    20 ||    20
Dodge: Dodged            |    91 |   119 |    21 ||   231
Block: Other             |     9 |    44 |     6 ||    59
       Reflection        |       |     1 |       ||     1
